 Dungeon Crawl Stone Soup version 0.31.0-32-g396128a36d (webtiles) character file.

Game seed: 14019843139142333406

6335 sosloow the Thrower (level 10, -2/111 HPs)
             Began as an Oni Gladiator on Apr 14, 2024.
             Was an Initiate of the Shining One.
             Slain by Urug the skyshark (10 damage)
             ... on level 10 of the Dungeon.
             The game lasted 00:29:12 (10361 turns).

sosloow the Thrower (Oni Gladiator)                Turns: 10361, Time: 00:29:13

Health: -2/111     AC:  5    Str: 24    XL:     10   Next: 96%
Magic:  15/15      EV: 11    Int:  9    God:    the Shining One [......]
Gold:   635        SH:  0    Dex: 10    Spells: 9/9 levels left

rFire   . . .        D - +4 flail
rCold   . . .        (no shield)
rNeg    . . .        m - +0 steam dragon scales
rPois   .            c - +0 hat
rElec   .            r - +2 cloak
rCorr   .            (gloves unavailable)
SInv    .            (boots unavailable)
Will    ++...        (no amulet)
Stlth   +            q - ring of willpower
HPRegen 0.38/turn    (no ring)
MPRegen 0.14/turn

%: no passive effects
@: mighty, corroded, glowing, studying Throwing
A: large, unfitting armour, horns 1, tough skin 1, double potion healing,
drunken brawling
a: Renounce Religion


You were on level 10 of the Dungeon.
You worshipped the Shining One.
The Shining One was noncommittal.
You visited 1 branch of the dungeon, and saw 10 of its levels.

You collected 635 gold pieces.

Inventory:

Hand Weapons
 s - a +1 giant spiked club of flaming
 D - a +4 flail (weapon)
Missiles
 B - a large rock
Armour
 c - a +0 hat (worn)
 m - +0 steam dragon scales (worn)
 r - a +2 cloak (worn)
Jewellery
 b - a +5 ring of evasion
 d - a ring of flight
 q - a ring of willpower (left hand)
 v - a +6 ring of dexterity
 w - a ring of protection from cold
Wands
 o - a wand of polymorph (6)
 A - a wand of iceblast (3)
Scrolls
 a - a scroll of amnesia {unknown}
 k - a scroll of teleportation
 t - a scroll of summoning {unknown}
Potions
 e - a potion of lignification {unknown}
 g - 2 potions of attraction
 h - 3 potions of cancellation
 i - a potion of curing
 l - 2 potions of brilliance
 p - a potion of mutation {unknown}
 u - 4 potions of enlightenment {unknown}
 z - a potion of degeneration {unknown}


   Skills:
 + Level 10.9 Fighting
 + Level 8.7 Maces & Flails
 + Level 11.5 Throwing
 - Level 5.1 Dodging
 + Level 7.8 Invocations


You had 9 spell levels left.
You didn't know any spells.
Your spell library contained the following spells:

 Spells                   Type           Power      Damage    Failure   Level
 Shock                    Conj/Air       0%         1d3       38%         1
 Fugue of the Fallen      Necr           0%         N/A       77%         3
 Inner Flame              Hex/Fire       0%         N/A       77%         3
 Ozocubu's Armour         Ice            0%         N/A       77%         3
 Summon Ice Beast         Ice/Summ       0%         N/A       77%         3
 Swiftness                Air            0%         N/A       77%         3
 Airstrike                Air            0%         2d(0-16)  99%         4
 Flame Wave               Conj/Fire      0%         2d4       99%         4
 Manifold Assault         Tloc           0%         N/A       99%         4
 Sticky Flame             Fire/Alch      0%         2d4       99%         4
 Summon Mana Viper        Hex/Summ       0%         N/A       100%        5
 Monstrous Menagerie      Summ           0%         N/A       100%        7


Dungeon Overview and Level Annotations

Branches:
Dungeon (10/15)            Temple (0/1) D:7
   Lair: D:8-11         Orc: D:9-12

Altars:
Ashenzari
Dithmenos
Elyvilon
Gozag
Hepliaklqana
Kikubaaqudgha
Ru
Sif Muna
Trog
Uskayaw
Wu Jian
Xom
Yredelemnul
Zin
The Shining One

Shops:
D:4 ?   D:5 :

Annotations:
D:10 Urug


Innate Abilities, Weirdness & Mutations

You are too large for most types of armour.
You have a pair of small horns on your head.
You have tough skin. (AC +1)
You gain doubled healing and magic from potions.
Whenever you drink a healing potion, you attack all around you.


Message History

You hit the rust devil but do no damage.
You headbutt the rust devil.
The rust devil is heavily wounded.
Your surroundings suddenly seem different.
Found a potion of curing.
Aiming: Iceblast
Press: ? - help, Shift-Dir - straight line, f/p - Urug
Aim: Urug the skyshark (lightly wounded, berserk)
The mass of ice explodes!
The iceblast engulfs Urug!
Urug is moderately wounded.
Aiming: Iceblast
Press: ? - help, Shift-Dir - straight line, f/p - Urug
Aim: Urug the skyshark (moderately wounded, berserk)
The mass of ice explodes!
The iceblast engulfs Urug!
Urug is moderately wounded.
You hear a screech!
Urug rages.
Urug bites you!! Urug tail-slaps you. Urug tail-slaps you but does no damage.
Okay, then.
Okay, then.
You bludgeon Urug!!
Urug is heavily wounded.
Urug closely misses you. Urug misses you. Urug closely misses you.
Urug barely misses you. Urug tail-slaps you. Urug tail-slaps you!
Okay, then.
Okay, then.
You sock Urug! You headbutt Urug!!
Urug is severely wounded.
Urug bites you!!
* * * LOW HITPOINT WARNING * * *
Urug tail-slaps you but does no damage. Urug tail-slaps you!
* * * LOW HITPOINT WARNING * * *
You bludgeon Urug!! You headbutt Urug.
Urug is almost dead.
Urug closely misses you. Urug barely misses you. Urug tail-slaps you.
* * * LOW HITPOINT WARNING * * *
You thump Urug! Your headbutt misses Urug.
Urug is almost dead.
Urug bites you!
You die...

#.......#.# ##...##
#.......#.###.!...##
#....F.#.##.......##
###.....##.#.........#
.......F.§4'.........+
#####...####.........#
##..###.........#
####.##..##.....#
#.....§.P.##F@.##
#.##...≈§§###'## #
#...§≈§# #.# #....§§#
#.# #....#.###.##.#
##.#...<.....#
#.###.#....##
#....###..## ..###
#..#


You could see Urug the skyshark (berserk) and a rust devil.

Vanquished Creatures
  Erica (D:8)
  2 two-headed ogres (D:8)
  Maggie (D:8)
  Psyche (D:8)
  Prince Ribbit (D:7)
  A wraith (D:8)
  6 yaks (D:7)
  2 steam dragons
  Duvessa (D:5)
  An orc warrior (D:8)
  3 ogres
  4 centaurs
  A kobold brigand (D:8)
  2 bullfrogs
  A gnoll sergeant (D:6)
  2 scorpions (D:6)
  5 wights (D:8)
  Dowan (D:5)
  11 killer bees
  A bombardier beetle (D:4)
  2 jellies
  7 hounds
  An orc priest (D:3)
  Crazy Yiuf (D:4)
  3 orc wizards
  3 iguanas
  4 gnolls (D:6)
  5 adders
  A shadow imp (D:8)
  A white imp (D:6)
  2 ufetubi (D:6)
  2 dart slugs
  17 orcs
  5 ball pythons
  4 endoplasms
  2 giant cockroaches
  5 goblins
  A hobgoblin (D:1)
  3 jackals (D:3)
  7 quokkas
  4 bats
  7 frilled lizards
  6 kobolds
141 creatures vanquished.

Notes
Turn   | Place    | Note
-------+----------+-------------------------------------------
     0 | D:1      | sosloow the Oni Gladiator began the quest for the Orb.
     0 | D:1      | Reached XP level 1. HP: 22/22 MP: 1/1
   298 | D:1      | Reached XP level 2. HP: 24/31 MP: 2/2
  1594 | D:3      | Reached XP level 3. HP: 37/37 MP: 3/3
  2717 | D:3      | Reached skill level 3 in Throwing
  2717 | D:3      | Reached XP level 4. HP: 41/48 MP: 4/4
  2891 | D:4      | Reached XP level 5. HP: 50/54 MP: 5/5
  3290 | D:4      | Reached skill level 4 in Throwing
  3290 | D:4      | Reached XP level 6. HP: 41/63 MP: 6/6
  3485 | D:4      | Found a runed translucent door.
  3486 | D:4      | Noticed Crazy Yiuf
  3555 | D:4      | Found Hahuf's Magic Scroll Boutique.
  3659 | D:5      | Entered Level 5 of the Dungeon
  3710 | D:5      | Found Jutaaz's Vocational Training.
  4020 | D:5      | Noticed Dowan
  4021 | D:5      | Noticed Duvessa
  4041 | D:5      | Killed Dowan
  4042 | D:5      | Reached skill level 5 in Fighting
  4337 | D:5      | Killed Duvessa
  4338 | D:5      | Reached skill level 5 in Throwing
  4338 | D:5      | Reached XP level 7. HP: 50/72 MP: 7/7
  4744 | D:6      | Reached skill level 5 in Maces & Flails
  4882 | D:6      | Reached skill level 6 in Throwing
  5117 | D:6      | Reached XP level 8. HP: 68/83 MP: 8/8
  5375 | D:6      | Reached skill level 5 in Dodging
  5648 | D:6      | Found a white marble altar of Elyvilon.
  5709 | D:6      | Found a basalt altar of Yredelemnul.
  5860 | D:6      | Found a shadowy altar of Dithmenos.
  5860 | D:6      | Found a glowing golden altar of the Shining One.
  5861 | D:6      | Found an opulent altar of Gozag.
  5876 | D:6      | Became a worshipper of the Shining One
  5935 | D:6      | Found an ancient bone altar of Kikubaaqudgha.
  5935 | D:6      | Found an ornate altar of the Wu Jian Council.
  5935 | D:6      | Found a shimmering altar of Xom.
  5935 | D:6      | Found a hazy altar of Hepliaklqana.
  5936 | D:6      | Found a bloodstained altar of Trog.
  5936 | D:6      | Found a broken altar of Ashenzari.
  5937 | D:6      | Found a hide-covered altar of Uskayaw.
  5938 | D:6      | Found a sacrificial altar of Ru.
  5938 | D:6      | Found a shimmering blue altar of Sif Muna.
  5939 | D:6      | Found a glowing silver altar of Zin.
  6169 | D:4      | Killed Crazy Yiuf
  6251 | D:7      | Noticed Prince Ribbit
  6266 | D:7      | Killed Prince Ribbit
  6267 | D:7      | Reached skill level 7 in Throwing
  6267 | D:7      | Reached skill level 1 in Invocations
  6574 | D:7      | Noticed a yak
  6574 | D:7      | Noticed a yak
  6575 | D:7      | Noticed a yak
  6575 | D:7      | Noticed a yak
  6584 | D:7      | Killed a yak
  6587 | D:7      | Killed a yak
  6697 | D:7      | Noticed a yak
  6697 | D:7      | Noticed a yak
  6714 | D:7      | Killed a yak
  6715 | D:7      | Reached skill level 8 in Throwing
  6715 | D:7      | Reached XP level 9. HP: 82/96 MP: 11/11
  7249 | D:7      | Found a staircase to the Ecumenical Temple.
  7622 | D:8      | Noticed Erica
  7694 | D:8      | Noticed Psyche
  7711 | D:8      | Killed Psyche
  7712 | D:8      | Reached skill level 9 in Throwing
  7739 | D:8      | Reached skill level 5 in Invocations
  7882 | D:8      | Noticed a two-headed ogre
  7912 | D:8      | Killed a two-headed ogre
  7913 | D:8      | Reached skill level 10 in Throwing
  7913 | D:8      | Reached XP level 10. HP: 39/107 MP: 12/14
  8551 | D:8      | Noticed Maggie
  8570 | D:8      | Killed Maggie
  8767 | D:8      | Killed Erica
  8768 | D:8      | Reached skill level 10 in Fighting
  8967 | D:8      | Noticed a two-headed ogre
  8974 | D:8      | Killed a two-headed ogre
  8975 | D:8      | Reached skill level 11 in Throwing
  9926 | D:10     | Entered Level 10 of the Dungeon
 10060 | D:10     | Noticed a rust devil
 10179 | D:10     | Noticed Urug
 10348 | D:10     | Urug changed into Urug the skyshark
 10348 | D:10     | Noticed Urug
 10361 | D:10     | Slain by Urug the skyshark

Illustrated notes

Levels and vault maps discovered:
D:1:      beargit_arrival_greenhouse, layout_loops_corners,
          kennysheep_another_room, kennysheep_flooded_box,
          chequers_serial_rivers_large_a
D:2:      layout_loops_ring, serial_bayou_pond_d
D:3:      layout_loops_corners
D:4:      layout_rooms, serial_shops, shop, minmay_quadrilaterals,
          uniq_crazy_yiuf_cottage
D:5:      layout_basic, nicolae_shop_vocational, uniq_duvessa
D:6:      layout_basic, kennysheep_ying_yang, nicolae_overflows_in_rows,
          gammafunk_temple_overflow_forgotten
D:7:      layout_basic, minmay_temple_entry_from_below_b, uniq_prince_ribbit1
D:8:      layout_basic, uniq_psyche, uniq_maggie, uniq_erica
D:9:      layout_basic
D:10:     layout_loops_corners, david_lair_shrubbed, serial_demonic,
          serial_demonic_g, serial_demonic_g, serial_demonic_a,
          serial_demonic_f, uniq_lodul, uniq_erolcha, uniq_urug, uniq_maurice

Skill      XL: |  1  2  3  4  5  6  7  8  9 10 |
---------------+-------------------------------+-----
Fighting       | 3 4 5 6 7 9 10 | 10.9
Dodging        | 3 4 5 |  5.1
Throwing       | 3 4 5 6 8 10 11 | 11.5
Maces & Flails | 4 5 6 7 8 |  8.7
Invocations    | 3 5 7 |  7.8

Action                     |  1- 3 |  4- 6 |  7- 9 | 10-12 || total
---------------------------+-------+-------+-------+-------++-------
  Melee: Flail             |    98 |   110 |   177 |   158 ||   543
         Headbutt          |    12 |    20 |    30 |    36 ||    98
         Punch             |     2 |       |     2 |     3 ||     7
         Unarmed           |       |       |     2 |       ||     2
  Throw: Large rock        |       |     2 |     5 |     2 ||     9
         Throwing net      |       |     3 |       |       ||     3
         Dart              |       |       |    32 |    19 ||    51
  Evoke: Wand              |       |       |    15 |     9 ||    24
    Use: Potion            |       |     2 |     2 |     6 ||    10
         Scroll            |       |       |     9 |     8 ||    17
   Stab: Sleeping          |     1 |       |       |       ||     1
         Held in net/web   |       |     1 |       |       ||     1
 Armour: Robe              |    77 |    84 |   160 |    73 ||   394
         Skin              |       |       |     1 |       ||     1
         Steam dragon scal |       |       |       |    71 ||    71
  Dodge: Dodged            |    61 |    52 |    94 |    98 ||   305
